 Dungeon Crawl Stone Soup version 0.30-a0-1094-g860fb061e7 (webtiles) character file.

Game seed: 15374817639972398363

52259 Zonian the Brawler (level 14, -7/91 HPs)
             Began as a Vine Stalker Gladiator on Apr 17, 2023.
             Was an Elder of Ashenzari.
             Mangled by a vault guard
             ... wielding a +0 dire flail
              (11 damage)
             ... on level 13 of the Dungeon on Apr 18, 2023.
             The game lasted 00:49:04 (20612 turns).

Zonian the Brawler (Vine Stalker Gladiator)        Turns: 20612, Time: 00:49:05

Health: -7/91      AC:  8    Str: 21    XL:     14   Next: 63%
Magic:  0/15       EV: 16    Int:  8    God:    Ashenzari [****..]
Gold:   1284       SH:  5    Dex: 17    Spells: 13/13 levels left

rFire   + . .      SeeInvis +      - Unarmed
rCold   + . .      Faith    .    I - +1 buckler "Shattered Activism" {Evo, Elem} (curse)
rNeg    . . .      Spirit   +    O - +0 scale mail "Lashed With Me" {Range, Evo} (curse)
rPois   .          Reflect  .    k - +0 helmet of the Clairvoyant Dismay {Self, Fort} (curse)
rElec   .          Rampage  .    (no cloak)
rCorr   .          Clarity  +    (no gloves)
Will    +....                    q - +0 pair of boots of Ashenzari's Portent {Fort, Elem} (curse) Stlth
                                 L - amulet of the Celestial Omen {Regen+, Cun, Elem} (curse)
HPRegen 1.95/turn                u - ring of protection from fire
MPRegen 0.14/turn                x - ring of the Eternal Augur {rC+ EV+5, Self, Evo} (curse)

@: mighty
A: fangs 3, regeneration 1, magic shield, antimagic bite, no potion heal 2
a: Renounce Religion, Curse Item, Shatter the Chains


You were on level 13 of the Dungeon.
You worshipped Ashenzari.
Ashenzari was greatly pleased with you.
You visited 3 branches of the dungeon, and saw 19 of its levels.

You collected 1284 gold pieces.

Inventory:

Hand Weapons
 h - a +1 short sword of venom
 j - a +2 dagger of protection
 w - a +2 rapier of flaming
 H - a +4 falchion
Missiles
 e - 25 poisoned darts (quivered)
 A - 12 atropa-tipped darts
 B - 7 datura-tipped darts
 G - 7 javelins
 N - 3 boomerangs
Armour
 a - a +0 leather armour
 b - a +0 helmet
 k - the cursed +0 helmet of the Clairvoyant Dismay (worn) {Self, Fort}
   (You found it on level 2 of the Dungeon)

   It has a curse which improves the following skills: Introspection: Fighting
   and Spellcasting.
   Fortitude: Armour and Shields.
 q - the cursed +0 pair of boots of Ashenzari's Portent (worn) {Fort, Elem}
   (You found it on level 2 of the Dungeon)

   It has a curse which improves the following skills: Fortitude: Armour and
   Shields.
   Elements:  Fire Magic, Ice Magic, Air Magic and Earth Magic.
 I - the cursed +1 buckler "Shattered Activism" (worn) {Evo, Elem}
   (You found it on level 1 of the Lair of Beasts)

   It has a curse which improves the following skills: Evocations: Evocations.
   Elements:  Fire Magic, Ice Magic, Air Magic and Earth Magic.
 O - the cursed +0 scale mail "Lashed With Me" (worn) {Range, Evo}
   (You took it off an orc priest on level 7 of the Dungeon)

   It has a curse which improves the following skills: Ranged Combat: Ranged
   Weapons and Throwing.
   Evocations: Evocations.
 W - the +1 leather armour of Gluttony {rCorr Int-5 SInv}
   (You found it on level 3 of the Lair of Beasts)

   Int:       It affects your intelligence (-5).
   SInv:      It lets you see invisible.
   rCorr:     It protects you from acid and corrosion.
 X - the +2 scale mail "Loraoz" {rC+}
   (You found it on level 10 of the Dungeon)

   rC:        It protects you from cold.
Jewellery
 u - a ring of protection from fire (left hand)
 x - the cursed ring of the Eternal Augur (right hand) {rC+ EV+5, Self, Evo}
   (You acquired it on level 6 of the Dungeon)

   [ring of evasion]

   EV:        It affects your evasion (+5).
   rC:        It protects you from cold.
   It has a curse which improves the following skills: Introspection: Fighting
   and Spellcasting.
   Evocations: Evocations.
 L - the cursed amulet of the Celestial Omen (around neck) {Regen+, Cun, Elem}
   (You found it on level 7 of the Dungeon)

   [amulet of regeneration]

   Regen:     It increases your rate of health regeneration.
   It has a curse which improves the following skills: Cunning: Dodging and
   Stealth.
   Elements:  Fire Magic, Ice Magic, Air Magic and Earth Magic.
 P - the amulet of Elemental Vulnerability {rPois rF-- rC-- AC+8}
   (You found it on level 9 of the Dungeon)

   [amulet of nothing]

   AC:        It affects your AC (+8).
   rF:        It makes you very vulnerable to fire.
   rC:        It makes you very vulnerable to cold.
   rPois:     It protects you from poison.
Wands
 i - a wand of iceblast (18)
 n - a wand of polymorph (12)
 o - a wand of digging (4)
 r - a wand of flame (10)
 D - a wand of mindburst (19)
 Y - a wand of paralysis (9)
Scrolls
 c - a scroll of magic mapping
 p - 7 scrolls of immolation
 y - 6 scrolls of vulnerability
 F - 2 scrolls of fog
 T - 2 scrolls of teleportation
 U - 2 scrolls of amnesia
 V - a scroll of silence
Potions
 g - 6 potions of attraction
 l - a potion of resistance
 m - 3 potions of curing
 t - 3 potions of flight
 v - 3 potions of cancellation
 z - 7 potions of heal wounds
 C - a potion of invisibility
 J - 4 potions of mutation
 K - a potion of ambrosia
 M - a potion of magic
 Q - 2 potions of haste
Miscellaneous
 S - a box of beasts
 Z - a phial of floods


   Skills:
 - Level 16.3(18.9) Fighting
 - Level 1.9(3.2) Throwing
 + Level 0.0(0.3) Armour
 - Level 2.5(4.0) Dodging
 + Level 0.0(0.2) Stealth
 + Level 0.0(0.3) Shields
 - Level 17.8 Unarmed Combat
 + Level 0.0(0.3) Spellcasting
 + Level 0.0(0.4) Evocations


You had 13 spell levels left.
You didn't know any spells.
Your spell library contained the following spells:

 Spells                   Type           Power      Damage    Failure   Level
 Freeze                   Ice            0%         1d3       80%         1
 Magic Dart               Conj           0%         1d3       86%         1
 Scorch                   Fire           0%         2d5       90%         2
 Cigotuvi's Dreadful Rot  Necr/Pois/Air  0%         N/A       93%         2
 Blink                    Tloc           0%         N/A       94%         2
 Call Imp                 Summ           0%         N/A       94%         2
 Lesser Beckoning         Tloc           0%         N/A       94%         2
 Momentum Strike          Conj/Tloc      0%         3d8       94%         2
 Frozen Ramparts          Ice            0%         1d1       99%         3
 Hailstorm                Conj/Ice       0%         3d3       99%         3
 Ignite Poison            Fire/Tmut/Pois 0%         N/A       99%         3
 Inner Flame              Hex/Fire       0%         N/A       99%         3
 Mephitic Cloud           Conj/Pois/Air  0%         N/A       99%         3
 Vhi's Electric Charge    Tloc/Air       0%         N/A       99%         3
 Animate Armour           Summ/Erth      0%         N/A       100%        4
 Cause Fear               Hex            0%         N/A       100%        4
 Flame Wave               Conj/Fire      0%         2d4       100%        4
 Arcjolt                  Conj/Air       0%         1d10      100%        5
 Blade Hands              Tmut           0%         N/A       100%        5
 Freezing Cloud           Conj/Ice/Air   0%         6-21      100%        5
 Irradiate                Conj/Tmut      0%         3d11      100%        5
 Yara's Violent Unravell  Hex/Tmut       0%         3d3       100%        5
 Conjure Ball Lightning   Conj/Air       0%         3x3d6     100%        6
 Iron Shot                Conj/Erth      0%         9d1       100%        6
 Simulacrum               Ice/Necr       0%         N/A       100%        6
 Summon Cactus Giant      Summ           0%         N/A       100%        6
 Dragon Form              Tmut           0%         N/A       100%        7
 Enfeeble                 Hex            0%         N/A       100%        7
 Ozocubu's Refrigeration  Ice            0%         4d7       100%        7
 Discord                  Hex            0%         N/A       100%        8
 Disjunction              Tloc           0%         N/A       100%        8
 Maxwell's Capacitive Co  Air            0%         ∞         100%        8
 Dragon's Call            Summ           0%         N/A       100%        9
 Polar Vortex             Ice            0%         N/A       100%        9


Dungeon Overview and Level Annotations

Branches:
Dungeon (13/15)            Temple (1/1) D:6            Lair (5/5) D:9
  Swamp (0/4) Lair:2        Snake (0/4) Lair:2        Slime (0/5) Lair:5
    Orc (0/2) D:9
 Vaults: D:13-14

Altars:
Ashenzari
Cheibriados
Elyvilon
Fedhas
Gozag
Hepliaklqana
Kikubaaqudgha
Nemelex Xobeh
Qazlal
Ru
Trog
Uskayaw
Wu Jian
Xom
Jiyva

Shops:
D:1 (   D:9 [(   D:11 *

Annotations:
D:8 2 transporters, SingularityParadox's ghost, novice OgCA
D:10 2 runed translucent doors, pokedragonboy's ghost, novice TeCj
Lair:3 3 runed translucent doors, Lioraxon's ghost, journeyman OpWn
Lair:5 exclusion: oklob plant


Innate Abilities, Weirdness & Mutations

You have razor-sharp teeth.
Your natural rate of healing is unusually fast.
When hurt, damage is shared between your health and your magic reserves.
Your bite disrupts and absorbs the magic of your enemies.
Potions cannot restore your health.


Message History

Unknown command.
You barely miss the vault guard. Your bite misses the vault guard.
The vault guard is severely wounded.
Unknown command.
As you read the scroll of fear, it crumbles to dust.
You assume a fearsome visage.
The vault guard resists with some effort.
The vault guard resists with almost no effort.
The vault guard resists with some effort.
The vault guard looks frightened!
The vault guard resists with almost no effort.
The vault guard looks frightened!
The vault guard resists with almost no effort.
Unknown command.
You feel very mighty all of a sudden.
The vault guard hits you with a +0 dire flail!
The vault guard hits you with a +0 dire flail.
You closely miss the vault guard. Your bite misses the vault guard.
The vault guard hits you with a +0 dire flail!!
* * * LOW HITPOINT WARNING * * *
The vault guard hits you with a +0 dire flail!
* * * LOW HITPOINT WARNING * * *
You pummel the vault guard!! You bite the vault guard! You drain its power.
You feel invigorated.
The vault guard is severely wounded.
The vault guard hits you with a +0 dire flail.
* * * LOW HITPOINT WARNING * * *
The vault guard hits you with a +0 dire flail.
* * * LOW HITPOINT WARNING * * *
Blink to where?
Press: ? - help, Dir - move target
As you read the scroll of blinking, it crumbles to dust.
Throw: throwing net
Press: ? - help, Shift-Dir - straight line, f - vault guard
Aim: a vault guard, wielding a +0 dire flail and wearing a +0 plate armour (severely wounded, 70% to hit)
You throw a throwing net.
The throwing net closely misses the vault guard.
The throwing net closely misses the vault guard.
The vault guard hits you with a +0 dire flail!!
You die...

** * #p#* , #p# *
#p# * * * #(# * *
#p### *, #p#.# *,*
#.# #p..# #.#
#####p## ** * #.##
#.....@# , , ...#
#......# , > , ...#
###......# , , *
...# ####.'.....p#
,
...###....#......#
* , ,,
†......####......#*
,+ , , ...#####
#......#, , ...#
#.<....#,*** , , *
...# #......+, ,
,,,*


You could see 5 vault guards.

Vanquished Creatures
  An ice dragon (D:11)
  3 hydras
  2 ghost crabs (Lair:2)
  A two-headed ogre (D:11)
  A centaur warrior (D:13)
  7 death yaks
  A skyshark (Lair:4)
  2 deep elf pyromancers (D:12)
  2 cyclopes
  A manticore (D:11)
  2 torpor snails
  4 black mambas
  9 cane toads
  An unseen horror (D:12)
  2 rime drakes
  A kobold demonologist (D:8)
  4 komodo dragons
  4 trolls
  9 polar bears
  5 hornets
  16 blink frogs
  A dream sheep (Lair:5)
  6 slime creatures (D:13)
  3 shadows
  13 spriggans
  3 centaur simulacra (D:11)
  3 wraiths
  61 yaks
  A human (shapeshifter) (D:13)
  3 vampire mosquitoes (D:12)
  2 basilisks
  14 water moccasins
  4 nagas (Lair:2)
  2 acid dragons (D:12)
  2 orc warriors
  3 black bears
  2 ice beasts (D:6)
  An ogre (D:6)
  A sky beast (D:7)
  60 wolves
  5 boggarts (Lair:5)
  5 centaurs
  A phantom (D:5)
  7 bullfrogs
  A spectral water moccasin (Lair:2)
  A gnoll sergeant (D:8)
  6 scorpions
  22 wights
  8 killer bees
  A howler monkey (D:11)
  4 jellies
  A crimson imp (D:6)
  3 hounds
  8 orc priests
  2 gnoll boudas (D:6)
  3 sleepcaps (D:6)
  8 orc wizards
  4 iguanas
  4 hell rats (Lair:4)
  8 gnolls
  4 adders
  2 shadow imps
  3 white imps (D:6)
  2 ufetubi
  2 dart slugs
  46 orcs
  5 bats
  8 endoplasms
  A giant cockroach (D:1)
  6 hobgoblins
  3 jackals (D:4)
  2 quokkas
  8 ball pythons
  2 frilled lizards (D:1)
  10 goblins
  7 kobolds
  5 rats
481 creatures vanquished.

Vanquished Creatures (collateral kills)
  A hydra (Lair:3)
  A death yak (D:8)
  A basilisk (Lair:3)
  A bullfrog (Lair:3)
4 creatures vanquished.

Vanquished Creatures (others)
  A bush (Lair:4)
  23 fungi
  47 plants
71 creatures vanquished.

Grand Total: 556 creatures vanquished

Notes
Turn   | Place    | Note
-------+----------+-------------------------------------------
     0 | D:1      | Zonian the Vine Stalker Gladiator began the quest for the
                  | Orb.
     0 | D:1      | Reached XP level 1. HP: 11/11 MP: 2/2
   187 | D:1      | Found Errosis's Weapon Emporium.
   393 | D:1      | Reached XP level 2. HP: 15/15 MP: 3/3
   869 | D:1      | Reached XP level 3. HP: 19/19 MP: 2/4
  1089 | D:2      | Found an ancient bone altar of Kikubaaqudgha.
  1449 | D:2      | Reached skill level 4 in Unarmed Combat
  1449 | D:2      | Gained mutation: Your natural rate of healing is unusually
                  | fast. [Vine Stalker growth]
  1449 | D:2      | Reached XP level 4. HP: 23/23 MP: 5/5
  1737 | D:3      | Found an ornate altar of the Wu Jian Council.
  1755 | D:3      | Identified the +4 long sword "Zupuw" {pain, *Noise rElec
                  | rN+}
  1864 | D:3      | Found a faded altar of an unknown god.
  2160 | D:3      | Found a sacrificial altar of Ru.
  2287 | D:3      | Found an ancient bone altar of Kikubaaqudgha.
  2431 | D:4      | Reached XP level 5. HP: 28/28 MP: 6/6
  2948 | D:4      | Reached XP level 6. HP: 33/33 MP: 7/7
  2962 | D:4      | Reached skill level 5 in Unarmed Combat
  3160 | D:5      | Entered Level 5 of the Dungeon
  3540 | D:5      | Reached XP level 7. HP: 38/38 MP: 8/8
  3593 | D:5      | Reached skill level 5 in Fighting
  3593 | D:5      | Reached skill level 6 in Unarmed Combat
  3639 | D:5      | Found a blossoming altar of Fedhas.
  4184 | D:6      | Identified a scroll of acquirement
  4184 | D:6      | Acquired the ring "Fustiacso" {rC+ EV+5}
  4522 | D:6      | Gained mutation: You have razor-sharp teeth. [Vine Stalker
                  | growth]
  4522 | D:6      | Reached XP level 8. HP: 44/44 MP: 7/9
  4626 | D:6      | Reached skill level 7 in Unarmed Combat
  4641 | D:6      | Found a staircase to the Ecumenical Temple.
  4683 | Temple   | Entered the Ecumenical Temple
  4690 | Temple   | Became a worshipper of Ashenzari the Shackled
  4875 | D:6      | Found a bloodstained altar of Trog.
  4944 | D:6      | Reached skill level 8 in Unarmed Combat
  5101 | D:6      | Reached XP level 9. HP: 36/48 MP: 6/10
  5231 | D:6      | Found a shimmering altar of Xom.
  5547 | D:6      | Reached skill level 9 in Unarmed Combat
  5580 | D:6      | Found a white marble altar of Elyvilon.
  5907 | D:7      | Found a hide-covered altar of Uskayaw.
  6440 | D:7      | Reached * piety under Ashenzari
  6458 | D:8      | Reached skill level 10 in Unarmed Combat
  6588 | D:8      | Noticed a hornet
  6594 | D:8      | Killed a hornet
  6595 | D:8      | Reached XP level 10. HP: 59/59 MP: 11/11
  6655 | D:8      | Found a hazy altar of Hepliaklqana.
  6780 | D:8      | Reached ** piety under Ashenzari
  7181 | D:8      | Found a transporter.
  7186 | D:8      | Noticed SingularityParadox's ghost (novice OgCA)
  7187 | D:8      | Identified the +7 great mace "Onkummil" {drain, *Noise rF++
                  | Dex+4}
  7191 | D:8      | Found a transporter.
  7368 | D:9      | Noticed a death yak
  7368 | D:9      | Found Zeeplo Qoipt's Armour Shoppe.
  7368 | D:9      | Found a staircase to the Orcish Mines.
  7368 | D:9      | Found a staircase to the Lair.
  7369 | D:9      | Noticed a death yak
  7394 | D:9      | Found the amulet of Elemental Vulnerability {rPois rF--
                  | rC-- AC+8}
  7439 | D:9      | Noticed a death yak
  8226 | D:8      | Reached skill level 11 in Unarmed Combat
  8342 | D:8      | Killed a death yak
  8343 | D:8      | Reached skill level 10 in Fighting
  8745 | D:9      | Found Jolurine's Weapon Shoppe.
  8813 | D:9      | Noticed a kobold demonologist
  8915 | D:8      | Killed a death yak
  9163 | D:8      | Killed a kobold demonologist
  9352 | Lair:1   | Entered Level 1 of the Lair of Beasts
  9357 | Lair:1   | Reached XP level 11. HP: 55/66 MP: 10/12
  9361 | Lair:1   | Reached skill level 12 in Unarmed Combat
  9752 | Lair:1   | Identified the +1 rapier of Turmoil {flame, Contam rF+ rN+
                  | Str+3}
  9819 | Lair:1   | Reached *** piety under Ashenzari
 10412 | Lair:2   | Found a staircase to the Snake Pit.
 10505 | Lair:2   | Reached **** piety under Ashenzari
 10566 | Lair:2   | Reached skill level 13 in Unarmed Combat
 10942 | Lair:2   | Found a staircase to the Swamp.
 10942 | Lair:2   | Noticed a ghost crab
 10942 | Lair:2   | Noticed a ghost crab
 10968 | Lair:2   | Killed a ghost crab
 10971 | Lair:2   | Killed a ghost crab
 11202 | Lair:2   | Reached XP level 12. HP: 64/76 MP: 8/13
 11945 | Lair:3   | Found a runed translucent gate.
 11945 | Lair:3   | Found a runed translucent gate.
 11945 | Lair:3   | Found a runed translucent gate.
 12009 | Lair:3   | Identified the +1 leather armour of Gluttony {rCorr Int-5
                  | SInv}
 12016 | Lair:3   | Noticed a five-headed hydra
 12024 | Lair:3   | Killed a five-headed hydra
 12025 | Lair:3   | Reached skill level 14 in Unarmed Combat
 12483 | Lair:3   | Noticed Lioraxon's ghost (journeyman OpWn)
 12494 | Lair:3   | Identified the ring of Agnosticism {Fire Dex+2}
 12896 | Lair:3   | Upgraded the game from 0.30-a0-1085-g990a428a5c to
                  | 0.30-a0-1094-g860fb061e7
 13054 | Lair:4   | Found a dark tunnel.
 13453 | Lair:4   | Reached skill level 15 in Unarmed Combat
 13648 | Lair:4   | Reached XP level 13. HP: 83/83 MP: 14/14
 14834 | Lair:4   | Identified the cursed +0 helmet of the Clairvoyant Dismay
                  | {Self, Fort} (You found it on level 2 of the Dungeon)
 14834 | Lair:4   | Identified the cursed +0 pair of boots of Ashenzari's
                  | Portent {Fort, Elem} (You found it on level 2 of the
                  | Dungeon)
 14834 | Lair:4   | Identified the cursed +0 scale mail "Lashed With Me"
                  | {Range, Evo} (You took it off an orc priest on level 7 of
                  | the Dungeon)
 15108 | Lair:5   | Entered Level 5 of the Lair of Beasts
 15114 | Lair:5   | Reached skill level 16 in Unarmed Combat
 16340 | Lair:5   | Reached skill level 15 in Fighting
 16743 | Lair:5   | Paralysed by a hornet for 3 turns
 16824 | Lair:5   | Paralysed by a hornet for 2 turns
 16848 | Lair:5   | Paralysed by a hornet for 1 turns
 16852 | Lair:5   | Reached XP level 14. HP: 55/91 MP: 10/15
 17049 | Lair:5   | Reached skill level 17 in Unarmed Combat
 17241 | Lair:5   | Found a staircase to the Slime Pits.
 17242 | Lair:5   | Found a viscous altar of Jiyva.
 18111 | D:10     | Entered Level 10 of the Dungeon
 18171 | D:10     | Found a large runed translucent door.
 18172 | D:10     | Found a large runed translucent door.
 18239 | D:10     | Identified the +2 scale mail "Loraoz" {rC+}
 18688 | D:10     | Noticed pokedragonboy's ghost (novice TeCj)
 19098 | D:11     | Found Qoxkaq's Mass Market.
 19288 | D:11     | Identified the +4 battleaxe of Mordant Expedience {freeze,
                  | Fly rCorr Dex-5}
 20433 | D:13     | Found a broken altar of Ashenzari.
 20609 | D:13     | HP: 1/91 [vault guard/+0 dire flail (11)]
 20612 | D:13     | Mangled by a vault guard

Illustrated notes

Levels and vault maps discovered:
D:1:      minmay_arrival_shattered_statue, layout_loops_ring, serial_shops,
          nicolae_shop_temple_entry_statues_fountains, minmay_pentomino_t2
D:2:      layout_loops_ring, basic_altar
D:3:      layout_loops_ring, lemuel_tele_altar, mainiacjoe_overflow_big_doors,
          shapermc_ecumenical_altar_acropolis, eino_tiny_chamber
D:4:      layout_loops_cross
D:5:      layout_basic, mainiacjoe_overflow_paths, dreamdust_mushroom_princess
D:6:      minmay_razor_zed, layout_basic, kennysheep_mini_moat,
          lightli_temple_of_fire, dk_xom_monty_hall, minmay_fire_ice_demons
D:7:      layout_cave_pools, mainiacjoe_overflow_alcove_1, serial_glass,
          glass_columns_a, glass_columns_a
D:8:      layout_layer_cave, nicolae_hepliaklqana_hazy_memory,
          gammafunk_ghost_smash
D:9:      layout_cave_pools, dpeg_lair_monsters, orc_david_3
D:10:     layout_stronghold, ebering_ghost_disaster_area,
          minmay_misc_feat_encased
D:11:     minmay_coctagon, layout_cave_pools, minmay_shop_mass, nicolae_titane
D:12:     layout_cave_pods
D:13:     layout_roguey, erik_vaults_2, evilmike_ruin_ashenzari
Temple:   compressed_dpeg_triangle_lava_temple
Lair:1:   layout_long_grid
Lair:2:   layout_cellular_growth, nicolae_swamp_entry_spooky,
          guppyfry_snake_entry_garden
Lair:3:   layout_cave_pods, gammafunk_ghost_icy, st_stairs_11
Lair:4:   layout_cave_pods, enter_volcano_4, grunt_forest_large_clearings
Lair:5:   minmay_lair_end_enchanted_forest, layout_cave_shapes,
          dpeg_slime_entry_corner, grunt_forest_large_clearing_hut

Skill      XL: |  1  2  3  4  5  6  7  8  9 10 11 12 13 14 |
---------------+-------------------------------------------+-----
Fighting       | 2 3 4 5 7 9 10 12 13 15 16 | 16.3
Unarmed Combat | 4 5 6 8 10 11 13 15 16 17 | 17.8
Throwing       | |  1.9
Dodging        | |  2.5

Action                     |  1- 3 |  4- 6 |  7- 9 | 10-12 | 13-15 || total
---------------------------+-------+-------+-------+-------+-------++-------
  Melee: Unarmed           |    27 |       |   275 |   542 |   593 ||  1437
         Bite              |    22 |    44 |    97 |   185 |   228 ||   576
         Punch             |     1 |     2 |    18 |     6 |       ||    27
         Short sword       |    61 |   155 |    18 |       |       ||   234
  Throw: Throwing net      |       |       |     5 |       |     2 ||     7
         Javelin           |       |       |     2 |       |       ||     2
         Dart              |       |       |    10 |    41 |    42 ||    93
 Invoke: Curse Item        |       |       |     2 |     4 |       ||     6
  Evoke: Wand              |       |       |     2 |     2 |     3 ||     7
         Box of beasts     |       |       |       |       |     1 ||     1
    Use: Scroll            |     2 |     5 |     7 |    10 |     4 ||    28
         Potion            |       |       |     3 |     2 |     3 ||     8
   Stab: Sleeping          |       |     1 |       |       |       ||     1
         Held in net/web   |       |       |     3 |       |       ||     3
 Armour: Leather armour    |    28 |    41 |    29 |       |       ||    98
         Scale mail        |       |       |     4 |   122 |   114 ||   240
         Skin              |       |       |       |       |     9 ||     9
  Dodge: Dodged            |    52 |    92 |   201 |   443 |   373 ||  1161
  Block: Buckler           |       |       |       |   102 |   112 ||   214

Table legend: (Time is in decaauts)
 A = Elapsed time spent in this place.
 B = Non-inter-level travel time spent in this place.
 C = Inter-level travel time spent in this place.
 D = Time resting spent in this place.
 E = Time spent auto-exploring this place.
 F = Levels seen in this place.
 G = Mean time per level.
                   A        B        C        D        E       F      G
               +--------+--------+--------+--------+--------+-----+--------+
         Total |  20345 |  19558 |    787 |   4879 |  10008 |  19 | 1070.8 |
       Dungeon |  12292 |  11749 |    543 |   2644 |   6399 |  13 |  945.5 |
        Temple |     13 |     13 |      0 |      0 |      0 |   1 |   13.0 |
          Lair |   8039 |   7795 |    244 |   2235 |   3609 |   5 | 1607.8 |
               +--------+--------+--------+--------+--------+-----+--------+

Top non-repeatable levels by time:
  Lair:4: 2875 daAuts
     D:8: 2518 daAuts
  Lair:5: 1552 daAuts
     D:6: 1463 daAuts
  Lair:2: 1419 daAuts
  Lair:3: 1187 daAuts
     D:1: 1061 daAuts
  Lair:1: 1005 daAuts
     D:4: 945 daAuts
     D:7: 927 daAuts
     D:5: 853 daAuts
    D:12: 843 daAuts
    D:10: 832 daAuts
     D:9: 771 daAuts
     D:3: 662 daAuts
